 Dungeon Crawl Stone Soup version 0.16.2-12-gd0ad4c3 (webtiles) character file.

50 Seneschal the Shooter (level 3, -6/29 HPs)
             Began as a Centaur Hunter on Sept 21, 2015.
             Killed from afar by Sigmund (13 damage)
             ... with a puff of flame
             ... on level 2 of the Dungeon.
             The game lasted 00:06:52 (1082 turns).

Seneschal the Shooter (Centaur Hunter)              Turns: 1082, Time: 00:06:53

Health: -6/29      AC:  8    Str: 14    XL:     3   Next: 55%
Magic:  3/3        EV:  7    Int: 10    God:
Gold:   133        SH:  0    Dex: 10    Spells: 0 memorised, 2 levels left

rFire  . . .     SeeInvis .     b - +2 shortbow
rCold  . . .     Clarity  .     d - +0 leather armour
rNeg   + . .     SustAb   .     (no shield)
rPois  .         Gourm    .     (no helmet)
rElec  .         Spirit   .     (no cloak)
rCorr  .         Warding  .     (no gloves)
rMut   .         Stasis   .     n - +0 centaur barding
MR     .....                    (no amulet)
Stlth  +.........               (no ring)
                                m - ring of positive energy

@: very quick, not resistant to hostile enchantments, very unstealthy
A: hooves 3, deformed body, speed 2, tough skin 3
a: no special abilities


You were on level 2 of the Dungeon.
You were not hungry.

You visited 1 branch of the dungeon, and saw 2 of its levels.

You collected 133 gold pieces.

Inventory:

Hand weapons
 a - a +0 short sword
 b - a +2 shortbow (weapon)
Missiles
 c - 7 arrows (quivered)
Armour
 d - a +0 leather armour (worn)
 n - a +0 centaur barding (worn)
Jewellery
 m - a ring of positive energy (left hand)
 q - an uncursed ring of flight {unknown}
 s - an uncursed ring of sustain abilities {unknown}
Scrolls
 h - a scroll of random uselessness {unknown}
 k - 2 scrolls of teleportation {unknown}
 l - a scroll of magic mapping {unknown}
 p - a scroll of immolation {unknown}
 r - a scroll of blinking {unknown}
 t - a scroll of identify
Potions
 e - a potion of ambrosia {unknown}
 i - a potion of resistance {unknown}
 j - a potion of mutation {unknown}
Comestibles
 f - 3 bread rations
 g - 2 meat rations
 o - 2 beef jerkies


   Skills:
 + Level 2.0 Fighting
 + Level 6.8 Bows
 + Level 1.6 Dodging
 + Level 0.7 Stealth


You had 2 spell levels left.
You didn't know any spells.

Dungeon Overview and Level Annotations

Branches:
Dungeon (2/15)

Altars:
Elyvilon
Makhleb

Annotations:
D:2 Sigmund


Innate Abilities, Weirdness & Mutations

You have hooves in place of feet.
Armour fits poorly on your strangely shaped body.
You cover ground very quickly.
You have extremely tough skin (AC +3).


Message History

You shoot an arrow. Something hits you but does no damage.
Firing (i - inventory):
c - 11 arrows (quivered)
Press: ? - help, Shift-Dir - straight line You shoot an arrow.
Firing (i - inventory):
c - 10 arrows (quivered)
Press: ? - help, Shift-Dir - straight line You shoot an arrow.
You hear some strange, mumbled words.
Something tries to affect you, but you resist.
Firing (i - inventory):
c - 9 arrows (quivered)
Press: ? - help, Shift-Dir - straight line You shoot an arrow.
Something hits you.
Firing (i - inventory):
c - 8 arrows (quivered)
Press: ? - help, Shift-Dir - straight line You shoot an arrow.
Something hits you!
* * * LOW HITPOINT WARNING * * *
You miss something.
You hear some strange, mumbled words.
The puff of flame hits you!
You die...

#.# #.# ## #.#
###...#.####
............#
###...#.##.# #
##.##.##.##
.#.## ...
#.#...##.....#
#.# #...#.@{(#
.
###..(##.(.(.#
##.## .#.## #.
.. #. .# .. #
#. ##


There were no monsters in sight!

Vanquished Creatures
  3 adders (D:2)
  A worm (D:2)
  2 hobgoblins (D:2)
  A jackal (D:1)
  3 kobolds (D:1)
  A quokka (D:2)
  A ball python (D:2)
  A bat (D:2)
  A giant cockroach (D:2)
  3 goblins
  A rat (D:1)
18 creatures vanquished.

Notes
Turn   | Place    | Note
--------------------------------------------------------------
     0 | D:1      | Seneschal, the Centaur Hunter, began the quest for the Orb.
     0 | D:1      | Reached XP level 1. HP: 17/17 MP: 1/1
   503 | D:1      | Reached XP level 2. HP: 24/24 MP: 2/2
   539 | D:2      | Reached skill level 6 in Bows
   616 | D:2      | Reached XP level 3. HP: 12/29 MP: 3/3
   955 | D:2      | Found a white marble altar of Elyvilon.
  1031 | D:2      | Found a burning altar of Makhleb.
  1069 | D:2      | Noticed Sigmund
  1082 | D:2      | Killed from afar by Sigmund

Action                   || total
-------------------------++-------
Melee: Shortbow          ||     3
 Fire: Shortbow          ||    73
  Use: Scroll            ||     2
